[ AOE2 MATCH · #477124158 ]
UnrankedMalians vs Cumans
[ REPLAY ANALYSIS · EXTRACTED FROM THE RECORDED GAME ]
Feudal
11:30
Castle
15:50
Imperial
37:43
| APM avg | 17.2 |
| APM peak | 45 |
| eAPM avg | 10.5 |
| Villagers / military | 77 / 40 |
Focus
⚔️ 26.6% · 🌾 73.4%
Gbeto ×25 · Archer ×12 · Battering Ram ×2 · Spearman ×1
Feudal
11:23
Castle
14:53
Imperial
31:11
| APM avg | 45.3 |
| APM peak | 93 |
| eAPM avg | 21.1 |
| Villagers / military | 134 / 81 |
Focus
⚔️ 33.8% · 🌾 66.2%
Spearman ×25 · Conquistador ×24 · Hand Cannoneer ×15 · Mangonel ×4 · Petard ×3 · Missionary ×3
Feudal
8:33
Castle
21:21
Imperial
25:41
| APM avg | 31.4 |
| APM peak | 78 |
| eAPM avg | 19.8 |
| Villagers / military | 146 / 113 |
Focus
⚔️ 30.3% · 🌾 69.7%
Knight ×103 · Trebuchet (Packed) ×8 · Camel Scout ×2
Feudal
12:00
Castle
15:32
Imperial
29:48
| APM avg | 28.1 |
| APM peak | 74 |
| eAPM avg | 14.4 |
| Villagers / military | 159 / 93 |
Focus
⚔️ 20.4% · 🌾 79.6%
Knight ×85 · Battering Ram ×5 · Trebuchet (Packed) ×2 · Monk ×1
Feudal
11:42
Castle
15:50
Imperial
31:32
| APM avg | 27.9 |
| APM peak | 53 |
| eAPM avg | 13.2 |
| Villagers / military | 113 / 57 |
Focus
⚔️ 15.0% · 🌾 85.0%
Knight ×57
Feudal
12:36
Castle
16:12
Imperial
20:13
| APM avg | 25.2 |
| APM peak | 56 |
| eAPM avg | 12.6 |
| Villagers / military | 69 / 110 |
Focus
⚔️ 21.0% · 🌾 79.0%
Hand Cannoneer ×100 · Bombard Cannon ×10
Feudal
11:32
Castle
15:43
Imperial
31:32
| APM avg | 19.5 |
| APM peak | 44 |
| eAPM avg | 12.7 |
| Villagers / military | 115 / 58 |
Focus
⚔️ 26.0% · 🌾 74.0%
Knight ×36 · Coustillier ×20 · Monk ×2
Feudal
10:07
Castle
13:48
Imperial
—
| APM avg | 35.9 |
| APM peak | 91 |
| eAPM avg | 15.0 |
| Villagers / military | 81 / 19 |
Focus
⚔️ 24.0% · 🌾 76.0%
Cavalry Archer ×16 · Monk ×3
Match map
Initial resources + every placement click. Lines = walls · curves = elevation contours. ◆ gold · ⬟ stone · ● berries · ✦ relic · ◌ wall gap
Your base· ✓ Closed at 15:50 · 0t walls · 2 gate(s)
Quando's base· ✓ Closed at 14:53 · 0t walls · 2 gate(s)
Pandora_heart's base· ✓ Closed at 21:21 · 0t walls · 3 gate(s)
Baam x.X's base· ✓ Closed at 15:32 · 0t walls · 2 gate(s)
Fr4ggi's base· ✓ Closed at 15:50 · 0t walls · 2 gate(s)
SCURR.Welt-PAD-THAI-SITTICH's base· ✓ Closed at 16:12 · 0t walls · 2 gate(s)
Relief's base· ✓ Closed at 15:43 · 0t walls · 2 gate(s)
素素村长's base· ✓ Closed at 13:48 · 0t walls · 2 gate(s)
Smoothed initial terrain · ◌ = detected wall gap · hover for details
Inputs per minute
— PJtheDcoy - - Quando
Build order — PJtheDcoy
First 150 of 198 actions detected
| 0:00 | Queue | Villager (Male) |
| 0:01 | Queue | Villager (Male) |
| 0:01 | Queue | Villager (Male) |
| 0:01 | Queue | Villager (Male) |
| 0:03 | Build | House |
| 0:04 | Build | House |
| 1:38 | Queue | Villager (Male) |
| 1:44 | Build | Lumber Camp |
| 2:04 | Queue | Villager (Male) |
| 2:20 | Queue | Villager (Male) |
| 2:54 | Queue | Villager (Male) |
| 3:24 | Queue | Villager (Male) |
| 3:36 | Queue | Villager (Male) |
| 3:56 | Build | House |
| 4:03 | Build | House |
| 4:12 | Queue | Villager (Male) |
| 4:32 | Queue | Villager (Male) |
| 4:42 | Queue | Villager (Male) |
| 5:24 | Queue | Villager (Male) |
| 5:25 | Queue | Villager (Male) |
| 5:53 | Queue | Villager (Male) |
| 6:18 | Queue | Villager (Male) |
| 6:24 | Build | Mill |
| 7:08 | Queue | Villager (Male) |
| 7:10 | Queue | Villager (Male) |
| 7:31 | Queue | Villager (Male) |
| 7:31 | Queue | Villager (Male) |
| 7:54 | Queue | Villager (Male) |
| 7:54 | Queue | Villager (Male) |
| 8:00 | Build | Mining Camp |
| 8:04 | Build | Mining Camp |
| 8:28 | Build | House |
| 9:00 | Research | Feudal Age |
| 9:49 | Build | Farm |
| 9:51 | Build | Farm |
| 9:52 | Build | Farm |
| 9:55 | Build | Farm |
| 10:01 | Queue | Villager (Male) |
| 10:01 | Queue | Villager (Male) |
| 11:30 | Age | Feudal Age |
| 11:35 | Build | Market |
| 11:48 | Build | Blacksmith |
| 11:53 | Queue | Villager (Male) |
| 11:53 | Research | Loom |
| 11:59 | Build | Farm |
| 13:04 | Research | Castle Age |
| 13:25 | Research | Double-Bit Axe |
| 14:06 | Build | House |
| 14:50 | Build | Farm |
| 14:51 | Build | Farm |
| 14:51 | Build | Farm |
| 14:53 | Build | Farm |
| 14:55 | Build | Farm |
| 15:02 | Build | Barracks |
| 15:09 | Queue | Villager (Male) |
| 15:09 | Queue | Villager (Male) |
| 15:24 | Research | Horse Collar |
| 15:50 | Age | Castle Age |
| 16:03 | Build | Castle |
| 16:12 | Build | Castle |
| 16:16 | Build | Farm |
| 16:18 | Queue | Villager (Male) |
| 16:18 | Queue | Villager (Male) |
| 16:43 | Build | Siege Workshop |
| 17:16 | Build | House |
| 17:27 | Research | Squires |
| 17:28 | Research | Scale Mail Armor |
| 17:28 | Research | Forging |
| 17:30 | Queue | Villager (Male) |
| 17:30 | Queue | Villager (Male) |
| 17:33 | Build | Farm |
| 17:41 | Build | Farm |
| 17:42 | Build | Farm |
| 17:58 | Queue | Gbeto |
| 18:00 | Queue | Gbeto |
| 18:09 | Queue | Gbeto |
| 18:12 | Queue | Battering Ram |
| 18:31 | Queue | Spearman |
| 18:36 | Build | Farm |
| 18:38 | Queue | Gbeto |
| 18:40 | Queue | Villager (Male) |
| 18:51 | Queue | Battering Ram |
| 18:53 | Queue | Villager (Male) |
| 18:56 | Queue | Gbeto |
| 18:59 | Build | Farm |
| 19:16 | Queue | Gbeto |
| 19:29 | Queue | Villager (Male) |
| 19:34 | Build | Farm |
| 19:39 | Queue | Gbeto |
| 20:05 | Queue | Gbeto |
| 20:05 | Queue | Gbeto |
| 20:21 | Build | Farm |
| 20:40 | Queue | Gbeto |
| 20:41 | Queue | Gbeto |
| 21:27 | Queue | Gbeto |
| 21:27 | Queue | Gbeto |
| 21:32 | Queue | Villager (Male) |
| 21:32 | Queue | Villager (Male) |
| 21:43 | Build | Town Center |
| 21:49 | Research | Wheelbarrow |
| 21:58 | Build | Town Center |
| 22:04 | Build | Farm |
| 22:08 | Build | Farm |
| 22:10 | Queue | Villager (Male) |
| 22:24 | Queue | Gbeto |
| 22:24 | Queue | Gbeto |
| 22:42 | Build | Farm |
| 23:34 | Build | Archery Range |
| 23:38 | Research | Fletching |
| 23:39 | Research | Padded Archer Armor |
| 23:47 | Queue | Villager (Male) |
| 23:48 | Queue | Villager (Male) |
| 24:39 | Queue | Villager (Male) ×5 |
| 24:39 | Queue | Villager (Male) |
| 24:42 | Build | Farm |
| 24:44 | Build | Farm |
| 24:46 | Build | Archery Range |
| 24:52 | Research | Crossbowman (upgrade) |
| 24:53 | Queue | Archer |
| 24:53 | Queue | Archer |
| 25:15 | Build | Farm |
| 25:58 | Queue | Gbeto |
| 25:58 | Queue | Gbeto |
| 26:39 | Queue | Gbeto |
| 26:39 | Queue | Gbeto |
| 27:03 | Build | Gate |
| 27:08 | Queue | Gbeto |
| 27:08 | Queue | Gbeto |
| 27:29 | Build | Farm |
| 27:29 | Queue | Villager (Male) |
| 27:30 | Queue | Villager (Male) |
| 27:32 | Queue | Villager (Male) ×5 |
| 27:39 | Build | Mining Camp |
| 27:45 | Research | Hand Cart |
| 27:47 | Queue | Villager (Male) ×5 |
| 27:50 | Research | Bow Saw |
| 27:53 | Research | Heavy Plow |
| 28:02 | Queue | Archer |
| 28:02 | Queue | Archer |
| 28:02 | Queue | Archer |
| 28:02 | Queue | Archer |
| 28:13 | Build | University |
| 28:19 | Build | House |
| 28:20 | Build | House |
| 28:21 | Build | House |
| 28:21 | Build | House |
| 28:37 | Queue | Villager (Male) ×5 |
| 28:53 | Queue | Gbeto |
| 28:54 | Queue | Gbeto |
| 29:30 | Queue | Villager (Male) |
Build order — Quando
First 150 of 347 actions detected
| 0:00 | Queue | Villager (Male) |
| 0:01 | Queue | Villager (Male) |
| 0:01 | Queue | Villager (Male) |
| 0:01 | Queue | Villager (Male) |
| 0:03 | Build | House |
| 0:04 | Build | House |
| 1:43 | Queue | Villager (Male) |
| 1:43 | Queue | Villager (Male) |
| 1:43 | Queue | Villager (Male) |
| 1:56 | Queue | Villager (Male) |
| 1:57 | Build | Lumber Camp |
| 2:26 | Queue | Villager (Male) |
| 3:22 | Queue | Villager (Male) |
| 3:22 | Queue | Villager (Male) |
| 3:23 | Queue | Villager (Male) |
| 3:51 | Build | House |
| 3:52 | Build | House |
| 4:07 | Queue | Villager (Male) |
| 4:08 | Queue | Villager (Male) |
| 4:25 | Queue | Villager (Male) |
| 4:25 | Queue | Villager (Male) |
| 4:30 | Build | House |
| 4:53 | Queue | Villager (Male) |
| 5:08 | Build | Mill |
| 5:23 | Queue | Villager (Male) |
| 5:47 | Queue | Villager (Male) |
| 5:48 | Queue | Villager (Male) |
| 6:02 | Queue | Villager (Male) |
| 6:02 | Queue | Villager (Male) |
| 6:41 | Build | Farm |
| 6:55 | Build | Farm |
| 7:22 | Queue | Villager (Male) |
| 7:23 | Queue | Villager (Male) |
| 7:39 | Build | Mining Camp |
| 7:42 | Queue | Villager (Male) |
| 7:42 | Queue | Villager (Male) |
| 8:14 | Queue | Villager (Male) |
| 8:16 | Build | House |
| 8:54 | Build | Mining Camp |
| 8:56 | Research | Feudal Age |
| 9:15 | Queue | Villager (Male) |
| 9:15 | Queue | Villager (Male) |
| 11:23 | Age | Feudal Age |
| 11:25 | Build | Market |
| 11:26 | Build | Blacksmith |
| 12:03 | Research | Castle Age |
| 12:21 | Build | House |
| 12:30 | Research | Horse Collar |
| 12:38 | Build | Farm |
| 12:40 | Build | Farm |
| 13:06 | Build | House |
| 13:17 | Research | Double-Bit Axe |
| 13:51 | Queue | Villager (Male) |
| 14:38 | Build | House |
| 14:45 | Build | Farm |
| 14:47 | Build | Farm |
| 14:53 | Age | Castle Age |
| 14:56 | Build | Castle |
| 15:04 | Build | Monastery |
| 15:23 | Queue | Villager (Male) |
| 15:25 | Research | Loom |
| 15:38 | Research | Bow Saw |
| 15:40 | Queue | Villager (Male) |
| 15:43 | Build | Farm |
| 15:48 | Build | Farm |
| 15:52 | Queue | Missionary |
| 15:58 | Build | Farm |
| 16:11 | Queue | Petard |
| 16:12 | Queue | Petard |
| 16:23 | Build | Mining Camp |
| 16:31 | Queue | Villager (Male) |
| 16:40 | Build | Farm |
| 16:55 | Queue | Villager (Male) |
| 17:04 | Queue | Conquistador |
| 17:06 | Build | Farm |
| 17:11 | Build | Farm |
| 17:15 | Queue | Conquistador |
| 17:30 | Queue | Villager (Male) |
| 17:59 | Queue | Villager (Male) |
| 17:59 | Queue | Villager (Male) |
| 18:13 | Queue | Conquistador |
| 18:21 | Build | Siege Workshop |
| 18:29 | Queue | Conquistador |
| 18:31 | Build | Farm |
| 18:35 | Build | Farm |
| 18:58 | Queue | Villager (Male) |
| 19:01 | Queue | Missionary |
| 19:19 | Queue | Petard |
| 19:26 | Queue | Villager (Male) |
| 19:26 | Queue | Villager (Male) |
| 19:30 | Build | Farm |
| 19:32 | Build | Farm |
| 19:32 | Build | Farm |
| 19:53 | Queue | Villager (Male) |
| 19:53 | Queue | Villager (Male) |
| 19:55 | Queue | Mangonel |
| 19:56 | Build | House |
| 19:59 | Queue | Villager (Male) |
| 19:59 | Queue | Villager (Male) |
| 20:22 | Queue | Villager (Male) |
| 20:27 | Queue | Conquistador |
| 20:29 | Queue | Villager (Male) |
| 20:34 | Build | House |
| 21:01 | Queue | Villager (Male) |
| 21:02 | Queue | Villager (Male) |
| 21:03 | Build | House |
| 21:08 | Queue | Missionary |
| 21:22 | Queue | Mangonel |
| 21:25 | Build | Town Center |
| 21:41 | Queue | Villager (Male) |
| 21:42 | Queue | Villager (Male) |
| 21:42 | Queue | Conquistador |
| 21:43 | Queue | Conquistador |
| 21:45 | Build | House |
| 22:03 | Queue | Villager (Male) |
| 22:03 | Queue | Villager (Male) |
| 22:45 | Queue | Villager (Male) |
| 22:46 | Queue | Mangonel |
| 22:48 | Queue | Conquistador |
| 22:48 | Queue | Conquistador |
| 23:03 | Queue | Conquistador |
| 23:07 | Research | Padded Archer Armor |
| 23:23 | Queue | Villager (Male) |
| 23:31 | Build | Town Center |
| 23:34 | Queue | Villager (Male) |
| 23:35 | Queue | Villager (Male) |
| 23:35 | Queue | Villager (Male) |
| 23:56 | Queue | Conquistador |
| 24:07 | Queue | Villager (Male) |
| 24:07 | Queue | Villager (Male) |
| 24:22 | Queue | Villager (Male) |
| 24:23 | Queue | Villager (Male) |
| 24:24 | Queue | Conquistador |
| 24:45 | Queue | Conquistador |
| 24:46 | Queue | Conquistador |
| 25:02 | Queue | Villager (Male) |
| 25:03 | Queue | Villager (Male) |
| 25:06 | Queue | Villager (Male) |
| 25:22 | Build | Barracks |
| 25:34 | Research | Leather Archer Armor |
| 25:45 | Queue | Battering Ram |
| 25:54 | Queue | Mangonel |
| 25:57 | Queue | Villager (Male) |
| 25:57 | Queue | Villager (Male) |
| 25:57 | Queue | Villager (Male) |
| 25:58 | Queue | Villager (Male) |
| 26:05 | Build | Farm |
| 26:06 | Build | Farm |
| 26:12 | Queue | Villager (Male) |
| 26:12 | Queue | Villager (Male) |
Build order — Pandora_heart
First 150 of 381 actions detected
| 0:01 | Queue | Villager (Male) ×4 |
| 0:03 | Build | House |
| 0:04 | Build | House |
| 1:36 | Queue | Villager (Male) |
| 1:37 | Queue | Villager (Male) |
| 1:45 | Build | Lumber Camp |
| 2:01 | Queue | Villager (Male) |
| 2:17 | Queue | Villager (Male) |
| 2:17 | Queue | Villager (Male) |
| 2:40 | Queue | Villager (Male) |
| 2:56 | Queue | Villager (Male) |
| 2:56 | Queue | Villager (Male) |
| 2:57 | Queue | Villager (Male) |
| 3:19 | Queue | Villager (Male) |
| 3:20 | Queue | Villager (Male) |
| 3:20 | Queue | Villager (Male) |
| 3:29 | Build | House |
| 3:38 | Queue | Villager (Male) |
| 3:38 | Queue | Villager (Male) |
| 3:38 | Queue | Villager (Male) |
| 4:26 | Build | Mill |
| 4:27 | Queue | Villager (Male) |
| 4:27 | Queue | Villager (Male) |
| 4:49 | Queue | Villager (Male) |
| 4:49 | Queue | Villager (Male) |
| 4:50 | Queue | Villager (Male) |
| 4:55 | Queue | Villager (Male) |
| 5:19 | Queue | Villager (Male) |
| 5:53 | Queue | Villager (Male) |
| 6:23 | Research | Feudal Age |
| 6:23 | Research | Feudal Age |
| 7:43 | Build | House |
| 7:44 | Build | House |
| 8:33 | Age | Feudal Age |
| 8:35 | Queue | Villager (Male) |
| 8:35 | Queue | Villager (Male) |
| 8:40 | Build | Town Center |
| 8:50 | Research | Double-Bit Axe |
| 8:51 | Research | Double-Bit Axe |
| 8:54 | Queue | Villager (Male) |
| 9:29 | Queue | Villager (Male) |
| 10:08 | Research | Horse Collar |
| 10:09 | Queue | Villager (Male) |
| 10:11 | Build | Farm |
| 10:19 | Queue | Villager (Male) |
| 10:19 | Queue | Villager (Male) |
| 10:29 | Build | Farm |
| 10:34 | Queue | Villager (Male) |
| 10:41 | Build | Farm |
| 11:00 | Build | House |
| 11:01 | Build | House |
| 11:06 | Queue | Villager (Male) |
| 11:07 | Queue | Villager (Male) |
| 11:12 | Build | Farm |
| 11:16 | Queue | Villager (Male) |
| 11:22 | Build | Farm |
| 11:26 | Queue | Villager (Male) |
| 11:26 | Queue | Villager (Male) |
| 11:40 | Queue | Villager (Male) |
| 11:48 | Queue | Villager (Male) |
| 11:51 | Build | Farm |
| 12:00 | Build | Farm |
| 12:08 | Queue | Villager (Male) |
| 12:08 | Queue | Villager (Male) |
| 12:17 | Build | House |
| 12:28 | Queue | Villager (Male) |
| 12:33 | Build | Farm |
| 12:34 | Queue | Villager (Male) |
| 12:37 | Build | Farm |
| 12:38 | Build | Farm |
| 12:39 | Build | Farm |
| 13:08 | Queue | Villager (Male) |
| 13:08 | Queue | Villager (Male) |
| 13:09 | Queue | Villager (Male) |
| 13:11 | Build | House |
| 13:15 | Build | Farm |
| 13:17 | Build | Farm |
| 13:19 | Queue | Villager (Male) |
| 13:24 | Build | Farm |
| 13:25 | Queue | Villager (Male) |
| 13:27 | Queue | Villager (Male) |
| 13:37 | Build | Farm |
| 13:40 | Build | Farm |
| 13:43 | Build | House |
| 13:46 | Queue | Villager (Male) |
| 13:48 | Build | Farm |
| 13:55 | Queue | Villager (Male) |
| 14:06 | Queue | Villager (Male) |
| 14:11 | Build | Farm |
| 14:22 | Research | Wheelbarrow |
| 14:26 | Build | House |
| 14:31 | Queue | Villager (Male) |
| 14:40 | Build | Farm |
| 14:43 | Build | Farm |
| 14:55 | Queue | Villager (Male) |
| 14:56 | Queue | Villager (Male) |
| 15:04 | Build | House |
| 15:06 | Queue | Villager (Male) |
| 15:16 | Build | Farm |
| 15:18 | Queue | Villager (Male) |
| 15:24 | Build | Farm |
| 15:27 | Build | Mining Camp |
| 15:30 | Queue | Villager (Male) |
| 15:35 | Queue | Villager (Male) |
| 15:38 | Build | Farm |
| 16:00 | Build | House |
| 16:01 | Build | House |
| 16:09 | Build | Farm |
| 16:20 | Queue | Villager (Male) |
| 16:24 | Build | House |
| 16:25 | Build | House |
| 16:34 | Queue | Villager (Male) |
| 16:58 | Build | Market |
| 17:01 | Build | Blacksmith |
| 17:09 | Build | Blacksmith |
| 17:10 | Queue | Villager (Male) |
| 17:11 | Queue | Villager (Male) |
| 17:28 | Queue | Villager (Male) |
| 17:33 | Build | Mining Camp |
| 17:37 | Research | Gold Mining |
| 17:40 | Queue | Villager (Male) |
| 17:44 | Build | House |
| 17:45 | Build | House |
| 17:45 | Build | House |
| 17:54 | Queue | Villager (Male) |
| 18:08 | Build | Lumber Camp |
| 18:14 | Queue | Villager (Male) |
| 18:14 | Queue | Villager (Male) |
| 18:18 | Queue | Villager (Male) |
| 18:19 | Build | Farm |
| 18:21 | Build | Farm |
| 18:22 | Queue | Villager (Male) |
| 18:41 | Research | Castle Age |
| 18:41 | Research | Castle Age |
| 18:50 | Build | Farm |
| 19:21 | Research | Loom |
| 19:42 | Queue | Villager (Male) |
| 19:42 | Queue | Villager (Male) |
| 19:46 | Build | Farm |
| 19:52 | Queue | Villager (Male) |
| 19:52 | Queue | Villager (Male) |
| 19:59 | Research | Stone Mining |
| 20:08 | Build | Lumber Camp |
| 20:15 | Build | Lumber Camp |
| 20:39 | Build | Barracks |
| 20:57 | Queue | Villager (Male) |
| 20:57 | Queue | Villager (Male) |
| 21:21 | Age | Castle Age |
| 21:23 | Build | Castle |
| 21:25 | Build | Stable |
Build order — Baam x.X
First 150 of 317 actions detected
| 0:02 | Queue | Villager (Male) |
| 0:02 | Queue | Villager (Male) |
| 0:02 | Queue | Villager (Male) |
| 0:03 | Build | House |
| 0:04 | Build | House |
| 0:30 | Queue | Villager (Male) |
| 0:30 | Queue | Villager (Male) |
| 1:39 | Queue | Villager (Male) |
| 1:39 | Queue | Villager (Male) |
| 1:49 | Build | Lumber Camp |
| 1:59 | Queue | Villager (Male) |
| 2:17 | Queue | Villager (Male) |
| 2:18 | Queue | Villager (Male) |
| 2:39 | Queue | Villager (Male) |
| 2:39 | Queue | Villager (Male) |
| 3:01 | Queue | Villager (Male) |
| 3:01 | Queue | Villager (Male) |
| 3:26 | Build | House |
| 3:45 | Queue | Villager (Male) |
| 3:46 | Queue | Villager (Male) |
| 3:46 | Queue | Villager (Male) |
| 3:46 | Queue | Villager (Male) |
| 3:54 | Build | Mill |
| 4:17 | Build | House |
| 4:36 | Queue | Villager (Male) |
| 4:36 | Queue | Villager (Male) |
| 4:54 | Queue | Villager (Male) |
| 4:54 | Queue | Villager (Male) |
| 5:50 | Queue | Villager (Male) |
| 5:50 | Queue | Villager (Male) |
| 6:13 | Queue | Villager (Male) |
| 6:14 | Queue | Villager (Male) |
| 6:14 | Queue | Villager (Male) |
| 6:23 | Queue | Villager (Male) |
| 6:23 | Queue | Villager (Male) |
| 6:23 | Queue | Villager (Male) |
| 7:14 | Queue | Villager (Male) |
| 7:44 | Build | House |
| 8:35 | Queue | Villager (Male) |
| 8:39 | Queue | Villager (Male) |
| 9:00 | Build | Mining Camp |
| 9:01 | Queue | Villager (Male) |
| 9:24 | Research | Feudal Age |
| 10:23 | Build | Farm |
| 10:26 | Build | Farm |
| 10:44 | Queue | Villager (Male) |
| 10:44 | Queue | Villager (Male) |
| 10:49 | Build | Farm |
| 12:00 | Age | Feudal Age |
| 12:04 | Build | Market |
| 12:06 | Build | Blacksmith |
| 12:23 | Build | Farm |
| 12:25 | Build | Farm |
| 12:33 | Build | House |
| 12:52 | Research | Castle Age |
| 12:52 | Research | Castle Age |
| 12:53 | Research | Castle Age |
| 12:59 | Build | House |
| 13:03 | Build | Farm |
| 13:11 | Build | Farm |
| 14:56 | Queue | Villager (Male) |
| 14:56 | Queue | Villager (Male) |
| 14:59 | Research | Double-Bit Axe |
| 15:32 | Age | Castle Age |
| 15:34 | Build | Town Center |
| 15:37 | Build | Town Center |
| 15:43 | Research | Bow Saw |
| 15:48 | Build | Farm |
| 15:50 | Build | Farm |
| 15:59 | Queue | Villager (Male) |
| 15:59 | Queue | Villager (Male) |
| 16:31 | Queue | Villager (Male) |
| 16:56 | Build | Town Center |
| 16:58 | Queue | Villager (Male) |
| 16:58 | Queue | Villager (Male) |
| 17:04 | Queue | Villager (Male) |
| 17:11 | Build | Farm |
| 17:23 | Build | Farm |
| 17:30 | Queue | Villager (Male) |
| 17:30 | Queue | Villager (Male) |
| 17:32 | Build | Farm |
| 17:44 | Queue | Villager (Male) |
| 17:44 | Queue | Villager (Male) |
| 17:48 | Build | Farm |
| 17:50 | Build | Farm |
| 17:53 | Queue | Villager (Male) |
| 17:54 | Queue | Villager (Male) |
| 18:08 | Build | Farm |
| 18:14 | Build | Farm |
| 18:14 | Queue | Villager (Male) |
| 18:14 | Queue | Villager (Male) |
| 18:29 | Build | Farm |
| 18:33 | Build | Farm |
| 18:37 | Build | Farm |
| 18:38 | Queue | Villager (Male) |
| 18:38 | Queue | Villager (Male) |
| 18:42 | Build | Farm |
| 18:43 | Queue | Villager (Male) |
| 18:43 | Queue | Villager (Male) |
| 18:45 | Queue | Villager (Male) |
| 18:45 | Queue | Villager (Male) |
| 18:47 | Build | Farm |
| 18:55 | Build | Farm |
| 18:57 | Queue | Villager (Male) |
| 18:58 | Queue | Villager (Male) |
| 19:01 | Build | Farm |
| 19:05 | Build | Farm |
| 19:06 | Queue | Villager (Male) |
| 19:06 | Queue | Villager (Male) |
| 19:15 | Queue | Villager (Male) |
| 19:15 | Queue | Villager (Male) |
| 19:15 | Queue | Villager (Male) |
| 19:16 | Queue | Villager (Male) |
| 19:16 | Queue | Villager (Male) |
| 19:21 | Build | Farm |
| 19:22 | Queue | Villager (Male) |
| 19:22 | Queue | Villager (Male) |
| 19:27 | Build | Farm |
| 19:30 | Build | Farm |
| 19:31 | Queue | Villager (Male) |
| 19:32 | Queue | Villager (Male) |
| 19:36 | Build | Farm |
| 19:38 | Queue | Villager (Male) |
| 19:39 | Queue | Villager (Male) |
| 19:43 | Queue | Villager (Male) |
| 19:43 | Queue | Villager (Male) |
| 19:43 | Queue | Villager (Male) |
| 19:46 | Build | Farm |
| 19:52 | Queue | Villager (Male) |
| 19:52 | Queue | Villager (Male) |
| 19:57 | Build | Farm |
| 19:57 | Queue | Villager (Male) |
| 19:58 | Queue | Villager (Male) |
| 20:01 | Queue | Villager (Male) |
| 20:01 | Queue | Villager (Male) |
| 20:13 | Build | House |
| 20:17 | Research | Loom |
| 20:28 | Research | Wheelbarrow |
| 20:30 | Research | Town Watch |
| 20:35 | Build | House |
| 20:36 | Build | House |
| 20:38 | Build | House |
| 20:39 | Build | House |
| 20:40 | Queue | Villager (Male) |
| 20:40 | Queue | Villager (Male) |
| 20:41 | Queue | Villager (Male) |
| 21:01 | Queue | Villager (Male) |
| 21:27 | Queue | Villager (Male) |
| 21:27 | Queue | Villager (Male) |
| 21:28 | Queue | Villager (Male) |
Build order — Fr4ggi
First 150 of 268 actions detected
| 0:04 | Build | House |
| 0:07 | Build | House |
| 0:27 | Queue | Villager (Male) |
| 0:28 | Queue | Villager (Male) |
| 0:28 | Queue | Villager (Male) |
| 0:39 | Queue | Villager (Male) |
| 0:53 | Queue | Villager (Male) |
| 1:45 | Queue | Villager (Male) |
| 2:10 | Build | Lumber Camp |
| 2:30 | Queue | Villager (Male) |
| 3:03 | Queue | Villager (Male) |
| 3:17 | Queue | Villager (Male) |
| 3:26 | Queue | Villager (Male) |
| 4:02 | Build | House |
| 4:22 | Queue | Villager (Male) |
| 4:31 | Build | Mill |
| 5:10 | Queue | Villager (Male) |
| 5:11 | Queue | Villager (Male) |
| 5:11 | Queue | Villager (Male) |
| 6:09 | Queue | Villager (Male) |
| 6:13 | Queue | Villager (Male) |
| 6:19 | Build | House |
| 6:52 | Queue | Villager (Male) |
| 6:56 | Queue | Villager (Male) |
| 7:10 | Build | Farm |
| 7:37 | Build | Farm |
| 7:38 | Queue | Villager (Male) |
| 8:11 | Queue | Villager (Male) |
| 8:43 | Build | Farm |
| 9:11 | Build | Mining Camp |
| 9:14 | Queue | Villager (Male) |
| 9:16 | Research | Feudal Age |
| 9:59 | Build | Barracks |
| 10:02 | Build | House |
| 10:30 | Build | Farm |
| 10:34 | Queue | Villager (Male) |
| 11:36 | Queue | Villager (Male) |
| 11:42 | Age | Feudal Age |
| 11:56 | Build | Stable |
| 12:07 | Build | Blacksmith |
| 12:09 | Queue | Villager (Male) |
| 12:12 | Build | Farm |
| 12:13 | Queue | Villager (Male) |
| 12:51 | Build | Farm |
| 12:57 | Queue | Villager (Male) |
| 13:07 | Build | Farm |
| 13:25 | Research | Castle Age |
| 14:16 | Research | Bloodlines |
| 14:27 | Research | Scale Barding Armor |
| 14:42 | Build | Lumber Camp |
| 14:44 | Build | Farm |
| 14:44 | Build | Farm |
| 14:50 | Queue | Villager (Male) |
| 15:00 | Research | Forging |
| 15:33 | Research | Double-Bit Axe |
| 15:50 | Age | Castle Age |
| 16:07 | Build | Town Center |
| 16:09 | Queue | Villager (Male) |
| 16:14 | Queue | Knight |
| 16:20 | Build | House |
| 16:25 | Build | House |
| 16:32 | Research | Horse Collar |
| 16:42 | Queue | Villager (Male) |
| 16:56 | Queue | Knight |
| 16:59 | Queue | Villager (Male) |
| 17:13 | Build | Farm |
| 17:14 | Queue | Villager (Male) |
| 17:36 | Queue | Villager (Male) |
| 17:51 | Build | House |
| 18:00 | Queue | Knight |
| 18:08 | Build | House |
| 18:19 | Queue | Villager (Male) |
| 18:20 | Queue | Villager (Male) |
| 18:36 | Build | Farm |
| 18:45 | Build | Farm |
| 19:05 | Build | Mining Camp |
| 19:08 | Research | Wheelbarrow |
| 19:24 | Build | Farm |
| 19:24 | Queue | Villager (Male) |
| 19:25 | Queue | Villager (Male) |
| 19:32 | Build | House |
| 19:36 | Queue | Knight |
| 19:54 | Build | Farm |
| 19:58 | Build | Farm |
| 19:58 | Build | Farm |
| 20:01 | Queue | Villager (Male) |
| 20:01 | Queue | Villager (Male) |
| 20:21 | Queue | Villager (Male) |
| 20:21 | Queue | Villager (Male) |
| 20:42 | Research | Husbandry |
| 21:22 | Build | Farm |
| 21:24 | Build | House |
| 21:29 | Research | Bow Saw |
| 21:33 | Queue | Villager (Male) |
| 21:33 | Queue | Villager (Male) |
| 21:36 | Queue | Villager (Male) |
| 21:57 | Queue | Knight |
| 22:01 | Queue | Villager (Male) |
| 22:01 | Queue | Villager (Male) |
| 22:24 | Build | Farm |
| 22:27 | Queue | Villager (Male) |
| 22:28 | Queue | Villager (Male) |
| 22:38 | Queue | Knight |
| 23:01 | Queue | Villager (Male) |
| 23:03 | Queue | Villager (Male) |
| 23:03 | Queue | Villager (Male) |
| 23:19 | Build | Farm |
| 23:30 | Queue | Villager (Male) |
| 23:33 | Queue | Villager (Male) |
| 23:38 | Build | House |
| 23:39 | Build | House |
| 23:52 | Build | Farm |
| 23:54 | Build | Farm |
| 23:56 | Queue | Villager (Male) |
| 24:04 | Queue | Knight |
| 24:05 | Queue | Knight |
| 24:17 | Build | Farm |
| 24:23 | Research | Hand Cart |
| 24:34 | Build | Town Center |
| 25:09 | Build | House |
| 25:13 | Build | Lumber Camp |
| 25:19 | Research | Gold Mining |
| 25:21 | Queue | Villager (Male) |
| 25:21 | Queue | Villager (Male) |
| 25:23 | Queue | Villager (Male) |
| 25:24 | Queue | Villager (Male) |
| 25:28 | Research | Heavy Plow |
| 26:02 | Queue | Knight |
| 26:02 | Queue | Knight |
| 26:12 | Build | Siege Workshop |
| 26:20 | Build | University |
| 26:27 | Build | House |
| 26:37 | Queue | Knight |
| 26:41 | Queue | Villager (Male) |
| 26:41 | Queue | Villager (Male) |
| 26:41 | Queue | Villager (Male) |
| 26:46 | Build | Farm |
| 26:47 | Build | Farm |
| 27:01 | Queue | Villager (Male) |
| 27:05 | Build | House |
| 27:11 | Build | Stable |
| 27:15 | Research | Gold Shaft Mining |
| 27:24 | Build | Farm |
| 27:26 | Build | Farm |
| 27:30 | Build | Farm |
| 27:32 | Build | Farm |
| 27:34 | Build | Farm |
| 27:36 | Build | Farm |
| 27:40 | Queue | Villager (Male) |
| 27:40 | Queue | Villager (Male) |
Build order — SCURR.Welt-PAD-THAI-SITTICH
First 150 of 208 actions detected
| 0:01 | Queue | Villager (Male) |
| 0:01 | Queue | Villager (Male) |
| 0:01 | Queue | Villager (Male) |
| 0:04 | Build | House |
| 0:06 | Build | House |
| 0:22 | Queue | Villager (Male) |
| 1:26 | Queue | Villager (Male) |
| 1:52 | Build | Lumber Camp |
| 2:03 | Queue | Villager (Male) |
| 2:03 | Queue | Villager (Male) |
| 2:19 | Queue | Villager (Male) |
| 2:49 | Queue | Villager (Male) |
| 3:14 | Queue | Villager (Male) |
| 3:40 | Queue | Villager (Male) |
| 3:52 | Build | House |
| 4:08 | Queue | Villager (Male) |
| 4:23 | Queue | Villager (Male) |
| 4:28 | Build | House |
| 4:50 | Queue | Villager (Male) |
| 4:52 | Queue | Villager (Male) |
| 5:01 | Build | Mill |
| 5:08 | Queue | Villager (Male) |
| 5:51 | Queue | Villager (Male) |
| 6:03 | Build | Mining Camp |
| 6:21 | Queue | Villager (Male) |
| 6:33 | Queue | Villager (Male) |
| 6:33 | Queue | Villager (Male) |
| 7:18 | Queue | Villager (Male) |
| 7:19 | Queue | Villager (Male) |
| 7:40 | Queue | Villager (Male) |
| 8:21 | Build | House |
| 8:26 | Queue | Villager (Male) |
| 9:13 | Queue | Villager (Male) |
| 9:20 | Queue | Villager (Male) |
| 9:34 | Build | Farm |
| 9:40 | Build | Farm |
| 9:42 | Build | Farm |
| 9:43 | Build | Farm |
| 9:54 | Build | Farm |
| 9:57 | Build | Farm |
| 10:08 | Research | Feudal Age |
| 10:27 | Build | Farm |
| 10:40 | Build | Farm |
| 11:02 | Build | House |
| 12:29 | Queue | Villager (Male) |
| 12:36 | Age | Feudal Age |
| 12:41 | Build | Market |
| 12:44 | Build | Blacksmith |
| 12:54 | Queue | Villager (Male) |
| 13:32 | Research | Castle Age |
| 13:37 | Build | Farm |
| 13:41 | Build | Farm |
| 13:42 | Build | Farm |
| 13:48 | Research | Double-Bit Axe |
| 14:52 | Queue | Villager (Male) |
| 14:53 | Queue | Villager (Male) |
| 16:12 | Age | Castle Age |
| 16:15 | Build | Siege Workshop |
| 16:21 | Build | Monastery |
| 17:03 | Research | Imperial Age |
| 17:04 | Research | Imperial Age |
| 17:04 | Research | Imperial Age |
| 17:37 | Build | Barracks |
| 18:14 | Build | House |
| 18:15 | Build | House |
| 18:37 | Build | Archery Range |
| 18:52 | Queue | Villager (Male) |
| 18:52 | Queue | Villager (Male) |
| 19:20 | Build | Archery Range |
| 19:28 | Build | Farm |
| 19:43 | Queue | Villager (Male) |
| 20:02 | Build | Farm |
| 20:13 | Age | Imperial Age |
| 20:20 | Queue | Bombard Cannon |
| 20:20 | Queue | Bombard Cannon |
| 20:20 | Queue | Bombard Cannon |
| 20:23 | Queue | Hand Cannoneer ×2 |
| 20:42 | Queue | Hand Cannoneer |
| 20:50 | Build | House |
| 21:01 | Queue | Hand Cannoneer |
| 21:01 | Queue | Hand Cannoneer |
| 21:08 | Queue | Hand Cannoneer |
| 21:08 | Queue | Hand Cannoneer |
| 21:35 | Queue | Villager (Male) |
| 21:36 | Queue | Villager (Male) |
| 21:39 | Queue | Hand Cannoneer ×2 |
| 21:49 | Queue | Villager (Male) |
| 21:52 | Queue | Villager (Male) |
| 21:59 | Research | Padded Archer Armor |
| 22:03 | Queue | Hand Cannoneer ×2 |
| 22:31 | Queue | Villager (Male) |
| 22:32 | Build | House |
| 22:34 | Build | House |
| 22:35 | Build | House |
| 22:37 | Build | House |
| 22:51 | Queue | Bombard Cannon |
| 22:51 | Queue | Bombard Cannon |
| 22:51 | Queue | Bombard Cannon |
| 23:15 | Queue | Villager (Male) |
| 23:20 | Queue | Hand Cannoneer ×2 |
| 23:27 | Queue | Villager (Male) |
| 23:30 | Build | House |
| 23:31 | Build | House |
| 24:41 | Queue | Villager (Male) |
| 24:44 | Queue | Hand Cannoneer ×5 |
| 24:44 | Queue | Hand Cannoneer ×5 |
| 24:54 | Queue | Villager (Male) |
| 24:57 | Build | Farm |
| 24:57 | Build | Farm |
| 24:57 | Build | Farm |
| 24:57 | Build | Farm |
| 25:00 | Queue | Villager (Male) |
| 25:04 | Build | Farm |
| 25:12 | Build | Farm |
| 26:41 | Queue | Hand Cannoneer ×5 |
| 26:41 | Queue | Hand Cannoneer ×5 |
| 26:48 | Build | House |
| 26:59 | Queue | Villager (Male) |
| 27:02 | Build | Farm |
| 27:04 | Build | Farm |
| 27:05 | Build | Farm |
| 27:07 | Queue | Villager (Male) |
| 27:22 | Build | Archery Range |
| 27:23 | Build | Archery Range |
| 27:37 | Research | Leather Archer Armor |
| 27:56 | Queue | Hand Cannoneer |
| 27:56 | Queue | Hand Cannoneer |
| 28:01 | Queue | Villager (Male) |
| 28:03 | Build | Lumber Camp |
| 28:18 | Queue | Hand Cannoneer |
| 28:18 | Queue | Hand Cannoneer |
| 28:22 | Build | Farm |
| 28:35 | Queue | Villager (Male) |
| 28:35 | Queue | Villager (Male) |
| 28:38 | Build | Farm |
| 28:46 | Queue | Villager (Male) |
| 28:47 | Queue | Villager (Male) |
| 28:55 | Queue | Hand Cannoneer ×3 |
| 29:05 | Queue | Villager (Male) |
| 29:08 | Build | Mining Camp |
| 29:17 | Build | Farm |
| 29:19 | Build | Farm |
| 29:26 | Queue | Villager (Male) |
| 29:31 | Queue | Hand Cannoneer ×2 |
| 29:49 | Research | Gold Mining |
| 29:56 | Queue | Bombard Cannon |
| 30:13 | Queue | Hand Cannoneer |
| 30:17 | Queue | Villager (Male) |
| 30:20 | Queue | Villager (Male) |
| 30:24 | Build | House |
Build order — Relief
First 150 of 309 actions detected
| 0:02 | Queue | Villager (Male) |
| 0:03 | Queue | Villager (Male) |
| 0:03 | Queue | Villager (Male) |
| 0:03 | Queue | Villager (Male) |
| 0:05 | Build | House |
| 0:07 | Build | House |
| 1:35 | Queue | Villager (Male) |
| 1:54 | Build | Lumber Camp |
| 2:02 | Queue | Villager (Male) |
| 2:29 | Queue | Villager (Male) |
| 2:50 | Queue | Villager (Male) |
| 3:04 | Queue | Villager (Male) |
| 3:38 | Queue | Villager (Male) |
| 4:00 | Build | House |
| 4:02 | Build | House |
| 4:05 | Queue | Villager (Male) |
| 4:22 | Build | Mill |
| 4:41 | Queue | Villager (Male) |
| 4:42 | Queue | Villager (Male) |
| 5:31 | Queue | Villager (Male) |
| 5:31 | Queue | Villager (Male) |
| 5:47 | Queue | Villager (Male) |
| 5:55 | Queue | Villager (Male) |
| 6:02 | Build | Farm |
| 6:14 | Build | Farm |
| 6:18 | Build | Farm |
| 6:27 | Queue | Villager (Male) |
| 7:03 | Queue | Villager (Male) |
| 7:04 | Queue | Villager (Male) |
| 7:19 | Queue | Villager (Male) |
| 7:23 | Build | House |
| 7:41 | Build | Mining Camp |
| 7:58 | Queue | Villager (Male) |
| 7:58 | Queue | Villager (Male) |
| 9:03 | Build | Mining Camp |
| 9:22 | Research | Feudal Age |
| 9:41 | Queue | Villager (Male) |
| 9:42 | Queue | Villager (Male) |
| 11:32 | Age | Feudal Age |
| 11:34 | Build | Market |
| 11:38 | Build | Blacksmith |
| 11:43 | Build | House |
| 12:36 | Queue | Villager (Male) |
| 12:37 | Queue | Villager (Male) |
| 13:03 | Research | Castle Age |
| 13:18 | Research | Double-Bit Axe |
| 14:13 | Build | Farm |
| 14:17 | Build | Farm |
| 14:22 | Research | Bow Saw |
| 15:13 | Queue | Villager (Male) |
| 15:15 | Queue | Villager (Male) |
| 15:43 | Age | Castle Age |
| 15:46 | Build | Monastery |
| 15:53 | Queue | Villager (Male) |
| 16:14 | Build | Castle |
| 16:29 | Build | House |
| 16:43 | Build | Town Center |
| 16:44 | Queue | Villager (Male) |
| 17:02 | Queue | Monk |
| 17:06 | Queue | Monk |
| 17:37 | Queue | Villager (Male) |
| 17:38 | Queue | Villager (Male) |
| 17:57 | Build | Town Center |
| 17:58 | Queue | Villager (Male) |
| 18:25 | Queue | Villager (Male) |
| 18:30 | Queue | Villager (Male) |
| 18:31 | Queue | Villager (Male) |
| 18:34 | Build | House |
| 18:35 | Build | House |
| 18:53 | Queue | Villager (Male) |
| 18:54 | Queue | Villager (Male) |
| 18:55 | Research | Loom |
| 19:15 | Research | Fervor |
| 19:16 | Queue | Villager (Male) |
| 19:16 | Queue | Villager (Male) |
| 19:22 | Build | Farm |
| 19:24 | Build | Farm |
| 19:29 | Build | Farm |
| 19:36 | Build | Farm |
| 19:37 | Queue | Villager (Male) |
| 19:38 | Queue | Villager (Male) |
| 19:40 | Build | House |
| 19:41 | Build | House |
| 19:47 | Build | Farm |
| 19:55 | Build | Farm |
| 19:56 | Build | Farm |
| 19:59 | Queue | Villager (Male) |
| 19:59 | Queue | Villager (Male) |
| 20:13 | Queue | Villager (Male) |
| 20:13 | Queue | Villager (Male) |
| 20:16 | Build | Farm |
| 20:21 | Queue | Villager (Male) |
| 20:51 | Queue | Villager (Male) |
| 20:51 | Queue | Villager (Male) |
| 20:59 | Build | Farm |
| 21:03 | Build | Farm |
| 21:07 | Build | Farm |
| 21:17 | Build | Farm |
| 21:18 | Build | Farm |
| 21:19 | Build | Farm |
| 21:20 | Build | Farm |
| 21:33 | Build | House |
| 21:38 | Build | Farm |
| 21:39 | Queue | Villager (Male) |
| 21:40 | Queue | Villager (Male) |
| 21:44 | Build | Farm |
| 21:44 | Queue | Villager (Male) |
| 21:45 | Queue | Villager (Male) |
| 21:55 | Build | Barracks |
| 21:57 | Queue | Villager (Male) |
| 21:57 | Queue | Villager (Male) |
| 22:16 | Queue | Villager (Male) |
| 22:17 | Queue | Villager (Male) |
| 22:22 | Build | Farm |
| 22:23 | Queue | Villager (Male) |
| 22:24 | Queue | Villager (Male) |
| 22:24 | Queue | Villager (Male) |
| 22:32 | Build | Farm |
| 22:34 | Build | Farm |
| 22:35 | Build | Farm |
| 22:54 | Queue | Villager (Male) |
| 22:54 | Queue | Villager (Male) |
| 22:59 | Build | Farm |
| 23:07 | Build | Stable |
| 23:07 | Queue | Coustillier |
| 23:08 | Queue | Coustillier |
| 23:08 | Queue | Coustillier |
| 23:09 | Queue | Coustillier |
| 23:11 | Queue | Villager (Male) |
| 23:12 | Queue | Villager (Male) |
| 23:27 | Build | Farm |
| 23:28 | Queue | Villager (Male) |
| 23:28 | Queue | Villager (Male) |
| 23:47 | Queue | Coustillier |
| 23:52 | Research | Forging |
| 23:53 | Queue | Villager (Male) |
| 23:53 | Queue | Villager (Male) |
| 24:01 | Build | Farm |
| 24:05 | Queue | Villager (Male) |
| 24:06 | Queue | Villager (Male) |
| 24:11 | Build | House |
| 24:14 | Build | House |
| 24:16 | Queue | Coustillier |
| 24:16 | Queue | Coustillier |
| 24:22 | Queue | Coustillier |
| 24:23 | Queue | Coustillier |
| 24:28 | Queue | Villager (Male) |
| 24:33 | Build | Farm |
| 24:46 | Queue | Coustillier |
| 24:47 | Queue | Villager (Male) |
Build order — 素素村长
First 150 of 192 actions detected
| 0:00 | Queue | Villager (Male) |
| 0:01 | Queue | Villager (Male) |
| 0:01 | Queue | Villager (Male) |
| 0:02 | Queue | Villager (Male) |
| 0:03 | Build | House |
| 0:04 | Build | House |
| 1:29 | Queue | Villager (Male) |
| 1:29 | Queue | Villager (Male) |
| 2:02 | Queue | Villager (Male) |
| 2:03 | Queue | Villager (Male) |
| 2:12 | Build | Lumber Camp |
| 2:19 | Queue | Villager (Male) |
| 2:19 | Queue | Villager (Male) |
| 2:29 | Queue | Villager (Male) |
| 2:29 | Queue | Villager (Male) |
| 2:29 | Queue | Villager (Male) |
| 2:59 | Build | House |
| 3:09 | Queue | Villager (Male) |
| 3:09 | Queue | Villager (Male) |
| 3:09 | Queue | Villager (Male) |
| 3:19 | Queue | Villager (Male) |
| 3:20 | Queue | Villager (Male) |
| 4:10 | Queue | Villager (Male) |
| 4:11 | Queue | Villager (Male) |
| 4:11 | Queue | Villager (Male) |
| 4:11 | Queue | Villager (Male) |
| 4:14 | Queue | Villager (Male) |
| 4:14 | Queue | Villager (Male) |
| 4:15 | Queue | Villager (Male) |
| 5:05 | Build | House |
| 5:27 | Queue | Villager (Male) |
| 5:28 | Queue | Villager (Male) |
| 5:28 | Queue | Villager (Male) |
| 5:28 | Queue | Villager (Male) |
| 5:29 | Queue | Villager (Male) |
| 5:29 | Queue | Villager (Male) |
| 5:48 | Build | Mill |
| 5:56 | Build | Mill |
| 6:26 | Build | Farm |
| 6:43 | Queue | Villager (Male) |
| 6:49 | Queue | Villager (Male) |
| 7:38 | Build | Mining Camp |
| 7:43 | Research | Feudal Age |
| 8:35 | Build | Farm |
| 9:01 | Queue | Villager (Male) |
| 9:02 | Queue | Villager (Male) |
| 10:07 | Age | Feudal Age |
| 10:09 | Build | Market |
| 10:11 | Build | Blacksmith |
| 10:11 | Queue | Villager (Male) |
| 11:08 | Research | Castle Age |
| 12:20 | Queue | Villager (Male) |
| 12:23 | Research | Double-Bit Axe |
| 12:33 | Build | House |
| 12:47 | Research | Horse Collar |
| 13:01 | Queue | Villager (Male) |
| 13:24 | Build | Farm |
| 13:25 | Build | Farm |
| 13:48 | Age | Castle Age |
| 13:51 | Build | Town Center |
| 14:11 | Build | Town Center |
| 14:24 | Queue | Villager (Male) |
| 14:42 | Research | Town Watch |
| 14:48 | Queue | Villager (Male) |
| 15:16 | Build | Mining Camp |
| 15:23 | Queue | Villager (Male) |
| 15:23 | Queue | Villager (Male) |
| 15:25 | Research | Loom |
| 15:39 | Build | Barracks |
| 15:47 | Build | Palisade Wall |
| 15:51 | Queue | Villager (Male) |
| 16:29 | Build | Stone Wall |
| 16:30 | Build | Stone Wall |
| 16:31 | Build | Stone Wall |
| 16:40 | Build | Archery Range |
| 16:49 | Build | House |
| 16:51 | Build | House |
| 16:54 | Queue | Villager (Male) |
| 17:13 | Queue | Villager (Male) |
| 17:23 | Build | Farm |
| 17:25 | Build | Farm |
| 17:29 | Build | Farm |
| 17:41 | Queue | Cavalry Archer |
| 17:41 | Queue | Cavalry Archer |
| 17:49 | Build | House |
| 17:56 | Build | House |
| 18:06 | Queue | Cavalry Archer |
| 18:06 | Queue | Cavalry Archer |
| 18:19 | Queue | Villager (Male) |
| 18:20 | Queue | Villager (Male) |
| 18:33 | Queue | Cavalry Archer |
| 18:50 | Build | House |
| 19:19 | Queue | Cavalry Archer |
| 19:26 | Build | Farm |
| 19:37 | Research | Fletching |
| 19:57 | Build | Farm |
| 19:59 | Build | Farm |
| 20:00 | Build | Farm |
| 20:08 | Queue | Villager (Male) |
| 20:38 | Queue | Cavalry Archer |
| 20:39 | Queue | Cavalry Archer |
| 20:46 | Build | Farm |
| 20:47 | Build | Farm |
| 20:49 | Build | Farm |
| 20:50 | Build | Farm |
| 21:45 | Queue | Cavalry Archer |
| 22:02 | Queue | Cavalry Archer |
| 22:04 | Research | Bodkin Arrow |
| 22:04 | Research | Bodkin Arrow |
| 22:47 | Build | Monastery |
| 23:12 | Queue | Villager (Male) |
| 23:17 | Queue | Monk |
| 23:17 | Queue | Monk |
| 23:17 | Queue | Monk |
| 24:29 | Research | Redemption |
| 25:23 | Queue | Cavalry Archer |
| 25:23 | Queue | Cavalry Archer |
| 26:48 | Build | Town Center |
| 27:13 | Queue | Cavalry Archer |
| 27:13 | Queue | Cavalry Archer |
| 27:14 | Queue | Cavalry Archer |
| 27:14 | Queue | Cavalry Archer |
| 28:04 | Build | Farm |
| 28:04 | Build | Farm |
| 28:05 | Build | Farm |
| 28:05 | Build | Farm |
| 28:05 | Build | Farm |
| 28:06 | Build | Farm |
| 28:06 | Build | Farm |
| 29:32 | Queue | Villager (Male) |
| 29:32 | Queue | Villager (Male) |
| 29:32 | Queue | Villager (Male) |
| 30:17 | Queue | Villager (Male) |
| 30:18 | Queue | Villager (Male) |
| 30:23 | Build | Lumber Camp |
| 30:45 | Queue | Villager (Male) |
| 30:50 | Build | Farm |
| 31:29 | Queue | Villager (Male) |
| 31:36 | Build | Farm |
| 31:37 | Build | Farm |
| 31:40 | Build | Farm |
| 31:41 | Build | Farm |
| 31:42 | Build | Farm |
| 31:47 | Build | Farm |
| 31:48 | Build | Farm |
| 32:18 | Queue | Villager (Male) |
| 32:18 | Queue | Villager (Male) |
| 32:20 | Build | Farm |
| 32:22 | Build | Farm |
| 32:31 | Queue | Villager (Male) |
Match timeline
| 8:33 | Pandora_heart · age_up feudal |
| 9:59 | Fr4ggi · first_building Barracks |
| 10:07 | 素素村长 · age_up feudal |
| 11:23 | Quando · age_up feudal |
| 11:30 | PJtheDcoy · age_up feudal |
| 11:32 | Relief · age_up feudal |
| 11:42 | Fr4ggi · age_up feudal |
| 11:56 | Fr4ggi · first_building Stable |
| 12:00 | Baam x.X · age_up feudal |
| 12:36 | SCURR.Welt-PAD-THAI-SITTICH · age_up feudal |
| 13:31 | SCURR.Welt-PAD-THAI-SITTICH · first_market_buy 100 food |
| 13:48 | 素素村长 · age_up castle |
| 14:53 | Quando · age_up castle |
| 14:56 | Quando · first_building Castle |
| 15:02 | PJtheDcoy · first_building Barracks |
| 15:04 | Quando · first_building Monastery |
| 15:32 | Baam x.X · age_up castle |
| 15:39 | 素素村长 · first_building Barracks |
| 15:43 | Relief · age_up castle |
| 15:46 | Relief · first_building Monastery |
| 15:47 | 素素村长 · wall_segment Palisade Wall x4 |
| 15:50 | PJtheDcoy · age_up castle |
| 15:50 | Fr4ggi · age_up castle |
| 16:03 | PJtheDcoy · first_building Castle |
| 16:12 | SCURR.Welt-PAD-THAI-SITTICH · age_up castle |
| 16:14 | Relief · first_building Castle |
| 16:15 | SCURR.Welt-PAD-THAI-SITTICH · first_building Siege Workshop |
| 16:21 | SCURR.Welt-PAD-THAI-SITTICH · first_building Monastery |
| 16:29 | 素素村长 · wall_segment Stone Wall x1 |
| 16:30 | 素素村长 · wall_segment Stone Wall x1 |
| 16:31 | 素素村长 · wall_segment Stone Wall x1 |
| 16:40 | 素素村长 · first_building Archery Range |
| 16:43 | PJtheDcoy · first_building Siege Workshop |
| 16:47 | SCURR.Welt-PAD-THAI-SITTICH · first_market_sell 100 stone |
| 16:49 | Baam x.X · first_market_buy 100 stone |
| 17:03 | Quando · first_market_buy 100 food |
| 17:37 | SCURR.Welt-PAD-THAI-SITTICH · first_building Barracks |
| 18:12 | Quando · first_market_sell 100 wood |
| 18:21 | Quando · first_building Siege Workshop |
| 18:37 | SCURR.Welt-PAD-THAI-SITTICH · first_building Archery Range |
| 20:13 | SCURR.Welt-PAD-THAI-SITTICH · age_up imperial |
| 20:39 | Pandora_heart · first_building Barracks |
| 21:21 | Pandora_heart · age_up castle |
| 21:23 | Pandora_heart · first_building Castle |
| 21:25 | Pandora_heart · first_building Stable |
| 21:47 | Baam x.X · first_building Barracks |
| 21:55 | Relief · first_building Barracks |
| 22:47 | 素素村长 · first_building Monastery |
| 22:51 | Baam x.X · first_building Monastery |
| 23:07 | Relief · first_building Stable |
| 23:34 | PJtheDcoy · first_building Archery Range |
| 24:19 | Baam x.X · first_building Stable |
| 24:36 | Pandora_heart · first_market_buy 100 wood |
| 24:37 | Pandora_heart · first_market_sell 100 stone |
| 25:22 | Quando · first_building Barracks |
| 25:41 | Pandora_heart · age_up imperial |
| 26:12 | Fr4ggi · first_building Siege Workshop |
| 27:35 | Baam x.X · first_building Castle |
| 29:34 | Quando · first_building Stable |
| 29:48 | Baam x.X · age_up imperial |
| 30:18 | PJtheDcoy · first_building Stable |
| 31:11 | Quando · age_up imperial |
| 31:21 | Quando · first_building Archery Range |
| 31:32 | Fr4ggi · age_up imperial |
| 31:32 | Relief · age_up imperial |
| 35:01 | Relief · first_building Archery Range |
| 35:20 | Quando · wall_segment Stone Wall x5 |
| 35:30 | PJtheDcoy · wall_segment Stone Wall x1 |
| 36:16 | Baam x.X · first_building Siege Workshop |
| 37:12 | Baam x.X · tribute_sent a jugador 1 |
| 37:12 | Baam x.X · tribute_sent a jugador 2 |
| 37:12 | Baam x.X · tribute_sent a jugador 3 |
| 37:12 | Baam x.X · tribute_sent a jugador 5 |
| 37:12 | Baam x.X · tribute_sent a jugador 6 |
| 37:12 | Baam x.X · tribute_sent a jugador 7 |
| 37:12 | Baam x.X · tribute_sent a jugador 8 |
| 37:43 | PJtheDcoy · age_up imperial |
| 37:58 | SCURR.Welt-PAD-THAI-SITTICH · first_building Castle |
| 38:28 | Relief · resign |
[ AI ANALYSIS · 1 CREDIT ]
What really happened in this match?
Wolo.gg analyzes every decision: build order, eco, micro, common mistakes by bracket. Personalized analysis on WhatsApp or Discord in 30 seconds.
Civ guide
Malians
Perfil
Jugador #1083245